 Dungeon Crawl Stone Soup version 0.30-a0-800-g7c544603b3 (webtiles) character file.

Game seed: 15610613616740020114

135 cheesebisquit the Digger (level 5, -2/28 HPs)
             Began as a Gargoyle Earth Elementalist on Feb 22, 2023.
             Slain by Pikel
             ... wielding a +1 whip of freezing
              (5 damage)
             ... on level 3 of the Dungeon.
             The game lasted 00:07:36 (3761 turns).

cheesebisquit the Digger (GrEE)                     Turns: 3761, Time: 00:07:37

Health: -2/28      AC:  9    Str: 11    XL:     5   Next: 18%
Magic:  1/10       EV: 11    Int: 18    God:
Gold:   331        SH:  0    Dex: 10    Spells: 7/11 levels left

rFire   . . .      SeeInvis .    l - +0 club
rCold   + . .      Faith    .    (no shield)
rNeg    + . .      Spirit   .    a - +0 robe
rPois   ∞          Reflect  .    (no helmet)
rElec   +          Harm     .    m - +2 cloak
rCorr   .          Rampage  .    (no gloves)
Will    .....                    (no boots)
Stlth   ++                       (no amulet)
HPRegen 0.24/turn                g - ring of protection from cold
MPRegen 0.12/turn                (no ring)

@: no status effects
A: sickness immunity, AC +4, negative energy resistance 1, electricity
resistance, torment resistance 1, petrification resistance
a: no special abilities


You were on level 3 of the Dungeon.
You visited 2 branches of the dungeon, and saw 5 of its levels.

You collected 331 gold pieces.

Inventory:

Hand Weapons
 l - a +0 club (weapon)
Missiles
 h - 4 curare-tipped darts
 p - 6 poisoned darts
Armour
 a - a +0 robe (worn)
 m - a +2 cloak (worn)
Jewellery
 g - a ring of protection from cold (left hand)
Scrolls
 c - 3 scrolls of immolation {unknown}
 d - a scroll of poison {unknown}
 e - a scroll of noise {unknown}
 f - a scroll of butterflies {unknown}
 j - a scroll of enchant weapon {unknown}
 k - a scroll of enchant armour {unknown}
 o - 2 scrolls of blinking {unknown}
 t - 3 scrolls of identify {unknown}
 u - a scroll of teleportation {unknown}
Potions
 b - a potion of magic
 i - a potion of resistance {unknown}
 n - a potion of curing {unknown}
 q - 3 potions of mutation {unknown}
 r - 3 potions of attraction {unknown}
 s - 2 potions of flight {unknown}


   Skills:
 - Level 1.5 Dodging
 - Level 2.1 Stealth
 + Level 3.6 Spellcasting
 - Level 0.7 Transmutations
 + Level 5.5 Earth Magic


You had 7 spell levels left.
You knew the following spells:

 Your Spells              Type           Power      Damage    Failure   Level
a - Sandblast             Erth           46%        2d11      1%          1
b - Stone Arrow           Conj/Erth      26%        3d8       16%         3

Your spell library contained the following spells:

 Spells                   Type           Power      Damage    Failure   Level
 Passwall                 Tmut/Erth      11%        N/A       6%          2
 Petrify                  Tmut/Erth      14%        N/A       38%         4
 Conjure Ball Lightning   Conj/Air       1%         3x3d6     100%        6
 Discord                  Hex            1%         N/A       100%        8
 Disjunction              Tloc           1%         N/A       100%        8


Dungeon Overview and Level Annotations

Branches:
Dungeon (4/15)             Temple (1/1) D:4

Altars:
Ashenzari
Cheibriados
Dithmenos
Fedhas
Gozag
Hepliaklqana
Makhleb
Nemelex Xobeh
Okawaru
Sif Muna
Trog
Uskayaw
Wu Jian
Xom
Yredelemnul
Zin

Shops:
D:3 [

Annotations:
D:3 Pikel


Innate Abilities, Weirdness & Mutations

You are immune to sickness and miasma.
Your stone body is resilient. (AC +4)
You are immune to poison.
You resist negative energy. (rN+)
You are resistant to electric shocks. (rElec)
You are resistant to unholy torment.
You are immune to petrification.


Message History

Press: ? - help, Q - select action, (/) - cycle Shift-Dir - straight line, f - Pikel
Aim: Pikel, wielding a +1 whip of freezing and wearing a +0 robe (lightly wounded, 79% to hit)
The blast of sand hits Pikel but does no damage.
Pikel is lightly wounded.
Pikel hits you but does no damage.
Aiming: Sandblast (safe; 1% risk of failure)
Press: ? - help, Q - select action, (/) - cycle Shift-Dir - straight line, f/p - Pikel
Aim: Pikel, wielding a +1 whip of freezing and wearing a +0 robe (lightly wounded, 79% to hit)
The blast of sand hits Pikel.
Pikel is moderately wounded.
Pikel barely misses you.
Pikel hits you with a +1 whip of freezing!
* * * LOW HITPOINT WARNING * * *
Aiming: Sandblast (safe; 1% risk of failure)
Press: ? - help, Q - select action, (/) - cycle Shift-Dir - straight line, f/p - Pikel
Aim: Pikel, wielding a +1 whip of freezing and wearing a +0 robe (moderately wounded, 79% to hit)
The blast of sand hits Pikel but does no damage.
Pikel is moderately wounded.
Pikel hits you with a +1 whip of freezing.
* * * LOW HITPOINT WARNING * * *
Aiming: Sandblast (safe; 1% risk of failure)
Press: ? - help, Q - select action, (/) - cycle Shift-Dir - straight line, f/p - Pikel
Aim: Pikel, wielding a +1 whip of freezing and wearing a +0 robe (moderately wounded, 79% to hit)
The blast of sand hits Pikel but does no damage.
Pikel is moderately wounded.
Pikel barely misses you. Pikel hits you but does no damage.
Aiming: Sandblast (safe; 1% risk of failure)
Press: ? - help, Q - select action, (/) - cycle Shift-Dir - straight line, f/p - Pikel
Aim: Pikel, wielding a +1 whip of freezing and wearing a +0 robe (moderately wounded, 79% to hit)
The blast of sand hits Pikel.
Pikel is moderately wounded.
Pikel closely misses you.
Aiming: Sandblast (safe; 1% risk of failure)
Press: ? - help, Q - select action, (/) - cycle Shift-Dir - straight line, f/p - Pikel
Aim: Pikel, wielding a +1 whip of freezing and wearing a +0 robe (moderately wounded, 79% to hit)
The blast of sand hits Pikel but does no damage.
Pikel is moderately wounded.
Pikel closely misses you.
Pikel hits you with a +1 whip of freezing.
You die...

##...### #.# #≈~.≈≈# ##....###
##'## #≈~∩≈≈## ...###..#
##...## #≈≈≈≈≈.# .<.#
#..###.....## ##≈≈≈..#
...###..##.......## ##.....###
##.>.)###.........####........#
........'.........'.......###.#
##...####........K####...## #.#
##..# ##......@## ##..####.#
####.# ##.....## #....##.#
.....# ##...## #.##.##.# .#####
##'## #.##.##.# .# #.#
#.##.##.# .# #.# #....=†.# .#
##.## ####.#### .# ##...## #.#
.##########.....# #.#


You could see Pikel.

Vanquished Creatures
  A hound (D:4)
  An iguana (D:4)
  2 adders
  2 dart slugs
  2 orcs
  6 endoplasms
  3 giant cockroaches
  6 goblins
  7 hobgoblins
  2 jackals (D:2)
  2 quokkas
  4 ball pythons
  7 bats
  4 frilled lizards
  2 kobolds
  7 rats
58 creatures vanquished.

Notes
Turn   | Place    | Note
-------+----------+-------------------------------------------
     0 | D:1      | cheesebisquit the Gargoyle Earth Elementalist began the
                  | quest for the Orb.
     0 | D:1      | Reached XP level 1. HP: 10/10 MP: 3/3
   200 | D:1      | Reached skill level 4 in Earth Magic
   200 | D:1      | Reached XP level 2. HP: 15/15 MP: 1/5
   914 | D:1      | Reached XP level 3. HP: 19/19 MP: 3/6
  1152 | D:2      | Found a faded altar of an unknown god.
  2409 | D:3      | Found Etyucua's Armour Boutique.
  2512 | D:3      | Learned a level 3 spell: Stone Arrow
  2567 | D:3      | Reached XP level 4. HP: 24/24 MP: 0/8
  3054 | D:4      | Found a staircase to the Ecumenical Temple.
  3072 | D:4      | Reached skill level 5 in Earth Magic
  3082 | Temple   | Entered the Ecumenical Temple
  3667 | D:4      | Reached XP level 5. HP: 12/28 MP: 4/10
  3733 | D:4      | Noticed a lemure
  3739 | D:4      | Noticed a lemure
  3740 | D:4      | Noticed Pikel
  3745 | D:4      | Noticed a lemure
  3745 | D:4      | Noticed a lemure
  3761 | D:3      | Slain by Pikel

Illustrated notes

Levels and vault maps discovered:
D:1:      scummos_arrival_simple_crosswalls, layout_basic
D:2:      layout_basic, nicolae_ecumenical_pavilion
D:3:      layout_loops_corners, serial_shops, nicolae_shop_waterfront,
          chequers_serial_rivers_small_b
D:4:      layout_loops_ring, minmay_temple_entry_grid, uniq_pikel
Temple:   nicolae_temple_bog_church

Skill      XL: |  1  2  3  4 |
---------------+-------------+-----
Earth Magic    | 4 5 |  5.5
Spellcasting   | 3 |  3.6
Dodging        | |  1.5
Stealth        | |  2.1
Transmutations | |  0.7

Action                     |  1- 3 |  4- 6 || total
---------------------------+-------+-------++-------
  Melee: Unarmed           |     1 |       ||     1
         Club              |     1 |     7 ||     8
         Punch             |       |     1 ||     1
   Cast: Sandblast         |    60 |    36 ||    96
 Armour: Robe              |     7 |    13 ||    20
  Dodge: Dodged            |    11 |    21 ||    32

Table legend: (Time is in decaauts)
 A = Elapsed time spent in this place.
 B = Non-inter-level travel time spent in this place.
 C = Inter-level travel time spent in this place.
 D = Time resting spent in this place.
 E = Time spent auto-exploring this place.
 F = Levels seen in this place.
 G = Mean time per level.
                   A        B        C        D        E       F      G
               +--------+--------+--------+--------+--------+-----+--------+
         Total |   3816 |   3607 |    209 |      0 |   3200 |   5 |  763.2 |
       Dungeon |   3548 |   3376 |    172 |      0 |   2979 |   4 |  887.0 |
        Temple |    267 |    230 |     37 |      0 |    221 |   1 |  267.0 |
               +--------+--------+--------+--------+--------+-----+--------+

Top non-repeatable levels by time:
     D:1: 1236 daAuts
     D:3: 979 daAuts
     D:2: 876 daAuts
     D:4: 457 daAuts
  Temple: 267 daAuts
